 Dungeon Crawl Stone Soup version 0.30.1-11-g7821555f0a (webtiles) character file.

Game seed: 4044160260763913698

8933 Eitelfritz the Carver (level 11, -6/95 HPs)
             Began as a Minotaur Gladiator on Jan 12, 2024.
             Was a Priest of Uskayaw.
             Succumbed to something's poison gas
             ... on level 2 of the Abyss.
             The game lasted 00:19:54 (9871 turns).

Eitelfritz the Carver (Minotaur Gladiator)          Turns: 9871, Time: 00:19:55

Health: -6/95      AC: 15    Str: 17    XL:     11   Next: 16%
Magic:  15/15      EV: 26    Int:  3    God:    Uskayaw [***...]
Gold:   518        SH:  0    Dex:  8    Spells: 10/10 levels left

rFire   . . .        a - +0 scimitar (chaos)
rCold   + + .        g - orb {light}
rNeg    . . .        l - +3 scale mail {rC+}
rPois   .            c - +1 hat
rElec   .            u - +0 cloak
rCorr   .            (no gloves)
SInv    .            v - +0 pair of boots
Will    .....        w - amulet of the acrobat
Stlth   +            J - ring of protection from cold
HPRegen 0.35/turn    (no ring)
MPRegen 0.14/turn

%: acrobat
@: lethally poisoned (-6 -> -39), acrobatic, glowing
A: horns 2, retaliatory headbutt, [clumsy 2], [dopey 2], [screaming 2], [weak 2]
a: Renounce Religion, Stomp, Line Pass


You were on level 2 of the Abyss.
You worshipped Uskayaw.
Uskayaw was noncommittal.
You visited 2 branches of the dungeon, and saw 11 of its levels.
You visited the Abyss 1 time.
You also visited: Sewer.

You collected 518 gold pieces.

Inventory:

Hand Weapons
 a - a +0 scimitar of chaos (weapon)
 b - a +0 longbow
 y - a +4 flail of holy wrath
Missiles
 d - 3 throwing nets (quivered)
 e - 7 javelins
 k - 23 poisoned darts
 D - 3 boomerangs
 K - a curare-tipped dart
Armour
 c - a +1 hat (worn)
 g - an orb of light (worn)
 l - a +3 scale mail of cold resistance (worn)
 t - a +3 ring mail of fire resistance
 u - a +0 cloak (worn)
 v - a +0 pair of boots (worn)
Jewellery
 w - an amulet of the acrobat (around neck)
 J - a ring of protection from cold (left hand)
Wands
 i - a wand of flame (8)
 s - a wand of mindburst (14)
 x - a wand of roots (14)
 E - a wand of digging (1)
Scrolls
 j - 6 scrolls of teleportation
 m - a scroll of fear
 F - 2 scrolls of immolation
 G - a scroll of torment
 H - 2 scrolls of blinking
 I - a scroll of silence
 L - 2 scrolls of fog
 N - a scroll of identify
 O - a scroll of magic mapping {unknown}
Potions
 f - a potion of might
 h - 6 potions of curing
 n - 4 potions of berserk rage
 o - 5 potions of flight
 p - a potion of ambrosia
 q - a potion of cancellation
 r - 2 potions of attraction
 z - 3 potions of lignification
 A - a potion of invisibility
 B - 3 potions of heal wounds
 C - a potion of brilliance
 M - a potion of haste


   Skills:
 + Level 8.6 Fighting
 + Level 12.7 Long Blades
 + Level 2.2 Ranged Weapons
 + Level 2.1 Throwing
 + Level 8.4 Armour
 + Level 6.2 Dodging
 + Level 4.5 Stealth
 * Level 6.7 Invocations


You had 10 spell levels left.
You didn't know any spells.
Your spell library contained the following spells:

 Spells                   Type           Power      Damage    Failure   Level
 Apportation              Tloc           0%         N/A       86%         1
 Blink                    Tloc           0%         N/A       95%         2
 Lesser Beckoning         Tloc           0%         N/A       95%         2
 Momentum Strike          Conj/Tloc      0%         3d8       95%         2
 Alistair's Intoxication  Tmut/Pois      0%         N/A       100%        5


Dungeon Overview and Level Annotations

Branches:
Dungeon (10/15)            Temple (1/1) D:6            Lair (0/5) D:9
  Sewer (visited)
    Orc: D:9-12

Altars:
Ashenzari
Cheibriados
Dithmenos
Elyvilon
Fedhas
Gozag
Hepliaklqana
Kikubaaqudgha
Makhleb
Nemelex Xobeh
Okawaru
Qazlal
Ru
Sif Muna
Trog
Uskayaw
Vehumet
Wu Jian
Xom
Yredelemnul
Zin
The Shining One

Annotations:
D:10 Erolcha


Innate Abilities, Weirdness & Mutations

You have a pair of horns on your head.
You reflexively headbutt those who attack you in melee.
[You are very clumsy. (Dex -4)]
[You are very dopey. (Int -4)]
[You frequently scream uncontrollably at your foes.]
[You are very weak. (Str -4)]


Message History

Uskayaw will force your foes to share their pain.
Uskayaw links your audience in an emotional bond!
You barely miss the wretched star. You headbutt the wretched star.
The wretched star is almost destroyed.
You slash the wretched star!
You headbutt the wretched star, but do no damage.
The wretched star is almost destroyed.
The wretched star pulses with an eldritch light!
You feel stupid. x2
The green draconian breathes poison at you.
The blast of poison engulfs the wretched star.
The wretched star completely resists.
You hit the wretched star but do no damage.
The wretched star is almost destroyed.
You are engulfed in poison gas.
You are poisoned.
You feel very sick.
The green draconian is no longer sharing its pain.
The wretched star glows turbulently.
The lance of force hits you!!
You are knocked back by the lance of force.
You slam into the metal wall!
* * * LOW HITPOINT WARNING * * *
Unknown command.
You feel very sick.
The wretched star pulses with an eldritch light!
You feel clumsy. x2; You feel the urge to shout.
You feel a strong urge to scream.
You feel sick.
Uskayaw prepares the audience for your solo!
You feel sick.
The green draconian breathes poison at you.
The blast of poison misses you.
You are engulfed in poison gas.
You are lethally poisoned!
* * * LOW HITPOINT WARNING * * *
x2 You feel very sick.
You are engulfed in poison gas.
You are more poisoned.
* * * LOW HITPOINT WARNING * * *
You die...

#. #.# #.#
######.#
......# . #
#.#..####
#.#.#....○#.###
..# #.☼☼#○@.#
...##☼○°#.##
#.#*##☼☼..#
#..☼§○#○.##
##°○d#..#..
###..#####.
°.☼#. # ##.☼...
.#..#..#


You could see a wretched star (resistant).

Vanquished Creatures
  2 thrashing horrors (Abyss:2)
  Pikel (D:4)
  Maurice (D:9)
  A gargoyle (D:10)
  An unseen horror (D:10)
  A troll (D:10)
  Grinder (D:3)
  Prince Ribbit (D:6)
  A wraith (D:10)
  A shadow (D:10)
  5 yaks (D:9)
  2 wyverns
  2 steam dragons
  3 wargs (D:9)
  Edmund (D:6)
  5 orc warriors
  3 ice beasts
  A black bear (D:5)
  2 sky beasts (D:7)
  2 centaurs
  3 kobold brigands
  A phantom (D:5)
  6 bullfrogs
  2 scorpions
  A gnoll sergeant (D:8)
  3 wights (D:7)
  10 howler monkeys
  3 electric eels (D:9)
  6 orc priests
  Crazy Yiuf (D:3)
  4 hounds
  3 jellies
  A sleepcap (D:7)
  Terence (D:2)
  Ijyb (D:3)
  5 iguanas
  9 orc wizards
  A centaur simulacrum (D:9)
  Robin (D:2)
  7 adders
  3 gnolls (D:8)
  4 white imps
  2 ufetubi (D:9)
  4 worms
  4 dart slugs
  31 orcs
  9 bats
  4 endoplasms
  2 giant cockroaches
  13 goblins
  18 hobgoblins
  12 jackals
  20 kobolds
  2 quokkas
  6 ball pythons
  3 frilled lizards
  10 rats
253 creatures vanquished.

Vanquished Creatures (others)
  3 kobolds (D:9)
3 creatures vanquished.

Grand Total: 256 creatures vanquished

Notes
Turn   | Place    | Note
-------+----------+-------------------------------------------
     0 | D:1      | Eitelfritz the Minotaur Gladiator began the quest for the
                  | Orb.
     0 | D:1      | Reached XP level 1. HP: 18/18 MP: 0/0
   146 | D:1      | Found a faded altar of an unknown god.
   205 | D:1      | Reached skill level 4 in Long Blades
   262 | D:1      | Reached XP level 2. HP: 23/25 MP: 1/1
   734 | D:2      | Reached XP level 3. HP: 8/30 MP: 2/2
   827 | D:2      | Noticed Terence
   836 | D:2      | Killed Terence
   837 | D:2      | Reached skill level 1 in Armour
   941 | D:2      | Noticed Robin
   943 | D:2      | Reached XP level 4. HP: 37/37 MP: 3/3
   946 | D:2      | Killed Robin
   948 | D:2      | Reached skill level 5 in Long Blades
  1579 | D:3      | Noticed Ijyb
  1591 | D:3      | Killed Ijyb
  1592 | D:3      | Reached XP level 5. HP: 37/45 MP: 4/4
  1658 | D:3      | Found a glowing drain.
  1679 | Sewer    | Entered a sewer
  1740 | Sewer    | Reached skill level 6 in Long Blades
  1798 | Sewer    | Found a white marble altar of Elyvilon.
  1978 | D:3      | Reached XP level 6. HP: 48/51 MP: 5/5
  2118 | D:3      | Noticed Grinder
  2135 | D:3      | Killed Grinder
  2136 | D:3      | Reached skill level 7 in Long Blades
  2136 | D:3      | Reached XP level 7. HP: 19/59 MP: 6/6
  2496 | D:3      | Found Doumoato's Magic Scroll Shoppe.
  2640 | D:3      | Found a hide-covered altar of Uskayaw.
  2640 | D:3      | Found a basalt altar of Yredelemnul.
  2685 | D:3      | Found a runed translucent door.
  2686 | D:3      | Noticed Crazy Yiuf
  2902 | D:3      | Killed Crazy Yiuf
  3061 | D:3      | Became a worshipper of Uskayaw the Reveller
  3186 | D:4      | Reached * piety under Uskayaw
  3247 | D:4      | Reached ** piety under Uskayaw
  3395 | D:4      | Found a white marble altar of Elyvilon.
  3438 | D:4      | Found a glowing silver altar of Zin.
  3445 | D:4      | Noticed Pikel
  3458 | D:4      | Reached *** piety under Uskayaw
  3462 | D:4      | Killed Pikel
  3462 | D:4      | Reached **** piety under Uskayaw
  3463 | D:4      | Reached skill level 8 in Long Blades
  3463 | D:4      | Reached XP level 8. HP: 34/67 MP: 6/8
  4240 | D:5      | Entered Level 5 of the Dungeon
  4348 | D:5      | Found a sacrificial altar of Ru.
  4408 | D:5      | Reached skill level 5 in Dodging
  4447 | D:5      | Reached skill level 5 in Fighting
  4447 | D:5      | Reached skill level 5 in Armour
  4525 | D:5      | Reached skill level 9 in Long Blades
  4525 | D:5      | Reached skill level 1 in Stealth
  4638 | D:5      | Found a shimmering altar of Xom.
  4960 | D:6      | Noticed Prince Ribbit
  4975 | D:6      | Killed Prince Ribbit
  5026 | D:6      | Found a sparkling altar of Nemelex Xobeh.
  5093 | D:6      | Found a staircase to the Ecumenical Temple.
  5115 | Temple   | Entered the Ecumenical Temple
  5345 | D:6      | Noticed Edmund
  5362 | D:6      | Killed Edmund
  5363 | D:6      | Reached XP level 9. HP: 37/75 MP: 10/10
  5767 | D:7      | Found a broken altar of Ashenzari.
  5865 | D:7      | Reached skill level 10 in Long Blades
  6159 | D:7      | Found an ornate altar of the Wu Jian Council.
  6917 | D:8      | Reached skill level 11 in Long Blades
  7253 | D:8      | Reached skill level 5 in Invocations
  7732 | D:9      | Reached skill level 1 in Ranged Weapons
  7732 | D:9      | Reached XP level 10. HP: 74/86 MP: 12/12
  7752 | D:9      | Reached ***** piety under Uskayaw
  8188 | D:9      | Reached ****** piety under Uskayaw
  8841 | D:9      | Reached skill level 12 in Long Blades
  8907 | D:9      | Found a staircase to the Lair.
  8912 | D:9      | Noticed Maurice
  8925 | D:9      | Killed Maurice
  9452 | D:10     | Entered Level 10 of the Dungeon
  9452 | D:10     | Noticed a gargoyle
  9460 | D:10     | Killed a gargoyle
  9571 | D:10     | Found an iron altar of Okawaru.
  9668 | D:10     | Reached XP level 11. HP: 94/94 MP: 14/14
  9759 | D:10     | Found a stormy altar of Qazlal.
  9796 | D:10     | Noticed Erolcha
  9797 | Abyss:2  | Cast into level 2 of the Abyss (Erolcha)
  9813 | Abyss:2  | Noticed a thrashing horror
  9815 | Abyss:2  | Noticed a thrashing horror
  9828 | Abyss:2  | Found a corrupted altar of Lugonu.
  9836 | Abyss:2  | Killed a thrashing horror
  9841 | Abyss:2  | Killed a thrashing horror
  9851 | Abyss:2  | Noticed a wretched star
  9860 | Abyss:2  | Noticed a green draconian
  9871 | Abyss:2  | HP: 2/95 [something] (5)]
  9871 | Abyss:2  | Succumbed to something's poison gas

Illustrated notes

Levels and vault maps discovered:
D:1:      scummos_arrival_checkerplants, layout_loops_ring,
          ebering_ecumenical_altar_rust
D:2:      layout_loops_ring, kennysheep_potato, uniq_robin, uniq_terence
D:3:      minmay_thinvault, layout_loops_cross,
          gammafunk_temple_overflow_elements, cheibrodos_sewer_entry_sluice,
          serial_shops, nicolae_shop_rolled_up, uniq_crazy_yiuf_cottage,
          uniq_grinder, uniq_ijyb
D:4:      nicolae_cairo_tiling_large_dashed, layout_basic,
          mainiacjoe_overflow_catwalk, mainiacjoe_overflow_chevrons,
          nrook_campfire, uniq_pikel
D:5:      layout_basic, lemuel_tele_altar, pf_just_have_faith, kennysheep_nub
D:6:      layout_rooms, nemelex_xobeh_ov_fountains_minmay,
          minmay_temple_entry_mini_moons, uniq_edmund, uniq_prince_ribbit1
D:7:      layout_loops_ring, old_standard_altar, nicolae_wu_jian_wuxing_cycle
D:8:      layout_basic
D:9:      minmay_evil_eye, layout_basic, erik_lair_orcish_takeover, serial_ice,
          serial_ice_m, serial_ice_l, serial_ice_n, serial_ice_d, uniq_maurice
D:10:     layout_roguey, grunt_qazlal_clouds, okawaru_gym_becter,
          lightli_minifort, uniq_erolcha
Temple:   grunt_temple_mini_profane
Abyss:2:  base: D:2, kilobyte_mutagenic_chamber

Skill      XL: |  1  2  3  4  5  6  7  8  9 10 |
---------------+-------------------------------+-----
Long Blades    | 4 5 6 7 8 9 11 12 | 12.7
Armour         | 1 2 3 4 6 7 8 |  8.4
Dodging        | 4 5 6 |  6.2
Fighting       | 3 4 5 7 8 |  8.6
Invocations    | 2 3 5 6 |  6.7
Stealth        | 1 2 4 |  4.5
Ranged Weapons | 1 2 |  2.2
Throwing       | |  2.1

Action                     |  1- 3 |  4- 6 |  7- 9 | 10-12 || total
---------------------------+-------+-------+-------+-------++-------
  Melee: Long sword        |    38 |   132 |   331 |   150 ||   651
         Headbutt          |     9 |    32 |    79 |    42 ||   162
         Scimitar          |       |       |       |    60 ||    60
         Punch             |       |       |       |     1 ||     1
   Fire: Longbow           |       |       |     8 |       ||     8
  Throw: Throwing net      |       |       |     1 |       ||     1
  Evoke: Wand              |       |     1 |       |       ||     1
    Use: Potion            |       |     1 |       |     2 ||     3
         Scroll            |       |       |    20 |     2 ||    22
   Stab: Paralysed         |       |       |    12 |    18 ||    30
         Confused          |       |       |       |     1 ||     1
 Armour: Leather armour    |     4 |       |       |       ||     4
         Scale mail        |     5 |    57 |   128 |    83 ||   273
  Dodge: Dodged            |    24 |    87 |   148 |   177 ||   436
